 Dungeon Crawl Stone Soup version 0.31-a0-142-g31f6795574 (webtiles) character file.

Game seed: 8173640633400909969

580 Kenran the Cutter (level 7, -4/52 HPs)
             Began as a Human Chaos Knight on June 3, 2023.
             Was a Plaything of Xom.
             Slain by Edmund
             ... wielding a +1 dire flail of protection
              (8 damage)
             ... on level 5 of the Dungeon.
             The game lasted 00:06:44 (3374 turns).

Kenran the Cutter (Human Chaos Knight)              Turns: 3374, Time: 00:06:44

Health: -4/52      AC:  6    Str: 13    XL:     7   Next: 63%
Magic:  7/7        EV: 11    Int: 16    God:    Xom [...*..]
Gold:   172        SH:  0    Dex: 14    Spells: 6/6 levels left

rFire   . . .        r - +6 bardiche of Iconoclasm {flame, Int+4}
rCold   . . .        (shield currently unavailable)
rNeg    + . .        b - +2 leather armour
rPois   +            (no helmet)
rElec   .            i - +0 cloak
rCorr   .            (no gloves)
SInv    .            (no boots)
Will    .....        (no amulet)
Stlth   +            e - ring of positive energy
HPRegen 0.28/turn    p - ring of poison resistance
MPRegen 0.10/turn

%: no passive effects
@: no status effects
A: hooves 1, wild magic 1, evolution 1
a: Renounce Religion


You were on level 5 of the Dungeon.
You worshipped Xom.
You were a favourite toy of Xom.
You visited 1 branch of the dungeon, and saw 5 of its levels.

You collected 172 gold pieces.

Inventory:

Hand Weapons
 a - a +0 falchion of chaos
 g - a +0 short sword of venom
 r - the +6 bardiche of Iconoclasm (weapon) {flame, Int+4}
   (You found it on level 4 of the Dungeon)

   Int:       It affects your intelligence (+4).
 s - a +0 spear
Armour
 b - a +2 leather armour (worn)
 i - a +0 cloak (worn)
Jewellery
 e - a ring of positive energy (left hand)
 p - a ring of poison resistance (right hand)
 q - a ring of resist corrosion
Wands
 d - a wand of polymorph (2)
 o - a wand of digging (8)
Scrolls
 h - a scroll of teleportation
 j - 2 scrolls of magic mapping
 k - a scroll of blinking
 l - a scroll of enchant armour
 m - a scroll of silence
Potions
 f - 3 potions of enlightenment
 n - 2 potions of attraction {!q}
Miscellaneous
 c - a piece from Xom's chessboard (15/15) (quivered)


   Skills:
 - Level 3.0 Fighting
 - Level 5.7(6.4) Short Blades
 - Level 4.5(5.9) Long Blades
 + Level 3.2 Polearms
 - Level 2.0 Armour
 - Level 1.0 Dodging


You had 6 spell levels left.
You didn't know any spells.
Your spell library contained the following spells:

 Spells                   Type           Power      Damage    Failure   Level
 Sticky Flame             Conj/Fire      0%         2d3       98%         4
 Starburst                Conj/Fire      0%         6d3       100%        6
 Storm Form               Tmut/Air       0%         N/A       100%        7
 Lehudib's Crystal Spear  Conj/Erth      0%         10d2      100%        8
 Maxwell's Capacitive Co  Air            0%         ∞         100%        8


Dungeon Overview and Level Annotations

Branches:
Dungeon (5/15)
 Temple: D:4-7

Altars:
Xom
The Shining One

Shops:
D:1 *   D:2 ?

Annotations:
D:2 2 transporters
D:3 3 runed translucent doors, NoAnimeNoLife's ghost, amateur KoBr
D:5 Edmund


Innate Abilities, Weirdness & Mutations

You have large cloven feet.
Your spells are a little harder to cast, but a little more powerful.
You have hidden genetic potential.


Message History

You kill the quokka!
You start resting.
You hear a distant slurping noise. x2
HP restored.
You see here a quokka corpse.
Edmund shouts!
It was a potion of mutation.
You feel extremely strange.
You feel less in control of your magic.
Your feet thicken and deform.
You feel a hidden potential growing inside you.
You see here a quokka corpse.
You reach to attack!
You hit Edmund. You burn Edmund.
Edmund is lightly wounded.
Edmund barely misses you.
Reach: r) +6 bardiche of Iconoclasm {flame, Int+4}
Press: ? - help, Dir - move target, f/p - Edmund
Aim: Edmund, wielding a +1 dire flail of protection and wearing a +0 ring mail (lightly wounded, about 39% to evade the +6 bardiche of Iconoclasm)
Okay, then.
Okay, then.
Okay, then.
You closely miss Edmund. You kick Edmund, but do no damage.
Edmund is lightly wounded.
Edmund closely misses you.
Edmund hits you with a +1 dire flail of protection!
You slash Edmund! You burn Edmund. You kick Edmund, but do no damage.
Edmund is moderately wounded.
Edmund hits you with a +1 dire flail of protection!
Edmund barely misses you.
You barely miss Edmund.
Edmund is moderately wounded.
Edmund hits you with a +1 dire flail of protection!
You completely miss Edmund. You kick Edmund.
Edmund is moderately wounded.
Edmund hits you with a +1 dire flail of protection.
Edmund hits you with a +1 dire flail of protection!
* * * LOW HITPOINT WARNING * * *
You slice Edmund!! You burn Edmund. Your kick misses Edmund.
Edmund is almost dead.
Edmund misses you.
Edmund hits you with a +1 dire flail of protection!
You die...

#.......#
###.####
##.......#
#......#
.........#
#.#.##.#
#.......#
#.#.##.#
##[......#
#.#.##.#
.........
#.#.##.#
........#
#......#
♣..######.####
≣♣...@@...#
♣.#.######
≣♣.#)#
♣.♣♣♣..#.#
♣.....).#
♣.♣♣♣..###
≣♣.# ♣.# ♣.#


You could see Edmund.

Vanquished Creatures
  A basilisk (D:3)
  Duvessa (D:5)
  Dowan (D:5)
  A killer bee (D:4)
  A gnoll bouda (D:3)
  An orc wizard (D:5)
  5 gnolls (D:4)
  7 adders
  A worm (D:3)
  3 dart slugs
  4 orcs
  6 bats
  3 endoplasms
  5 giant cockroaches
  11 goblins
  8 hobgoblins
  A quokka (D:5)
  6 ball pythons
  15 kobolds
  3 rats
84 creatures vanquished.

Vanquished Creatures (others)
  An endoplasm (D:3)
  A hobgoblin (D:3)
  2 rats (D:3)
4 creatures vanquished.

Grand Total: 88 creatures vanquished

Notes
Turn   | Place    | Note
-------+----------+-------------------------------------------
     0 | D:1      | Kenran the Human Chaos Knight began the quest for the Orb.
     0 | D:1      | Reached XP level 1. HP: 18/18 MP: 1/1
    89 | D:1      | Found Beciseno's Assorted Antiques.
   135 | D:1      | Reached XP level 2. HP: 24/24 MP: 2/2
   157 | D:1      | Got Lom Lobon's Dissertation on the Fifth Circle
   388 | D:2      | You fall into a shaft and drop 2 floors!
   424 | D:4      | XOM: cloud trail
   468 | D:4      | Reached XP level 3. HP: 29/29 MP: 3/3
   485 | D:3      | XOM: potion effect (might)
   544 | D:3      | Noticed NoAnimeNoLife's ghost (amateur KoBr)
   556 | D:3      | Found a runed translucent gate.
   556 | D:3      | Found a runed translucent gate.
   558 | D:3      | Found a runed translucent gate.
   720 | D:2      | Found a faded altar of an unknown god.
   757 | D:2      | Reached XP level 4. HP: 32/35 MP: 4/4
   856 | D:2      | Found a transporter.
   858 | D:2      | Found Qianweug's Magic Scroll Shoppe.
   892 | D:2      | Found a transporter.
  1370 | D:2      | XOM: divination: magic mapping
  1393 | D:2      | Reached skill level 1 in Short Blades
  1400 | D:2      | XOM: noise
  1629 | D:3      | XOM: 2-stop teleportation journey
  1698 | D:3      | XOM: cloud trail
  1886 | D:3      | Noticed an ice beast
  1890 | D:3      | an ice beast changed into a basilisk
  1890 | D:3      | Noticed a basilisk
  1890 | D:3      | XOM: polymorph ice beast -> basilisk
  1892 | D:3      | XOM: potion effect (haste)
  1897 | D:3      | XOM: noise
  1898 | D:3      | XOM: scenery: create altars
  1908 | D:3      | Killed a basilisk
  1909 | D:3      | Reached skill level 4 in Short Blades
  1909 | D:3      | Reached XP level 5. HP: 20/41 MP: 5/5
  1909 | D:3      | Reached XP level 6. HP: 23/47 MP: 6/6
  2200 | D:3      | XOM: summons 3 hostile shadow creatures
  2493 | D:4      | XOM: confuse monster(s)
  2506 | D:4      | Reached skill level 5 in Short Blades
  2573 | D:4      | XOM: 1-stop teleportation journey
  2689 | D:4      | Found a glowing golden altar of the Shining One.
  2862 | D:4      | Reached XP level 7. HP: 15/52 MP: 7/7
  3031 | D:4      | Identified the +6 bardiche of Iconoclasm {flame, Int+4}
  3109 | D:5      | Entered Level 5 of the Dungeon
  3140 | D:5      | Reached skill level 1 in Polearms
  3188 | D:5      | Noticed Duvessa
  3197 | D:5      | Killed Duvessa
  3197 | D:5      | Noticed Dowan
  3213 | D:5      | XOM: silly message
  3215 | D:5      | Killed Dowan
  3292 | D:5      | Noticed Edmund
  3362 | D:5      | Gained mutation: Your spells are a little harder to cast,
                  | but a little more powerful. [potion of mutation]
  3362 | D:5      | Gained mutation: You have large cloven feet. [potion of
                  | mutation]
  3362 | D:5      | Gained mutation: You have hidden genetic potential. [potion
                  | of mutation]
  3374 | D:5      | Slain by Edmund

Illustrated notes

Levels and vault maps discovered:
D:1:      scummos_arrival_forest, layout_rooms, serial_shops, shop
D:2:      kennysheep_the_goblin_king, layout_loops_corners,
          shapermc_ecumenical_altar_gd, serial_shops, nicolae_shop_drivethru,
          minmay_misc_feat_tiny, minmay_tromino_v2
D:3:      layout_basic, gammafunk_ghost_split
D:4:      minmay_octagon_keep, layout_rooms, tso_metal_star
D:5:      layout_loops_cross, mainiacjoe_overflow_six_doors_small,
          gammafunk_temple_overflow_statue, lemuel_mausoleum_altar_yredelemnul,
          temple_green, gammafunk_ghost_necromancy, minmay_stone_trees_medium,
          uniq_crazy_yiuf_cottage, uniq_duvessa, uniq_edmund

Skill      XL: |  1  2  3  4  5  6  7 |
---------------+----------------------+-----
Long Blades    | 4 |  4.5
Short Blades   | 4 5 |  5.7
Polearms       | 3 |  3.2
Fighting       | |  3.0
Armour         | |  2.0
Dodging        | |  1.0

Action                     |  1- 3 |  4- 6 |  7- 9 || total
---------------------------+-------+-------+-------++-------
  Melee: Falchion          |    14 |       |       ||    14
         Short sword       |    65 |   175 |    14 ||   254
         Punch             |     1 |     5 |       ||     6
         Bardiche          |       |       |    29 ||    29
         Kick              |       |       |     3 ||     3
    Use: Scroll            |     1 |     7 |       ||     8
         Potion            |       |     1 |     2 ||     3
 Armour: Leather armour    |    28 |    54 |     6 ||    88
  Dodge: Dodged            |    40 |   105 |    15 ||   160

Table legend: (Time is in decaauts)
 A = Elapsed time spent in this place.
 B = Non-inter-level travel time spent in this place.
 C = Inter-level travel time spent in this place.
 D = Time resting spent in this place.
 E = Time spent auto-exploring this place.
 F = Levels seen in this place.
 G = Mean time per level.
                   A        B        C        D        E       F      G
               +--------+--------+--------+--------+--------+-----+--------+
         Total |   3335 |   3257 |     78 |    582 |   1777 |   5 |  667.0 |
       Dungeon |   3335 |   3257 |     78 |    582 |   1777 |   5 |  667.0 |
               +--------+--------+--------+--------+--------+-----+--------+

Top non-repeatable levels by time:
     D:3: 980 daAuts
     D:2: 938 daAuts
     D:4: 757 daAuts
     D:1: 372 daAuts
     D:5: 287 daAuts
